 Dungeon Crawl Stone Soup version 0.29-a0-789-g7a8fcbc185 (webtiles) character file.

Game seed: 10730786803346521260

142 cbfl8 the Ducker (level 5, -1/50 HPs)
             Began as a Troll Berserker on July 2, 2022.
             Was a Priest of Trog.
             Killed by divine providence
             ... invoked by an orc priest
              (15 damage)
             ... on level 3 of the Dungeon.
             The game lasted 00:07:27 (2121 turns).

cbfl8 the Ducker (Troll Berserker)                  Turns: 2121, Time: 00:07:27

Health: -1/50      AC:  4    Str: 31 (33) XL:     5   Next: 4%
Magic:  4/4        EV:  8    Int:  2 (3)  God:    Trog [***...]
Gold:   119        SH:  6    Dex:  8 (9)  Spells: 4/4 levels left

rFire   . . .      SeeInvis .   e - +2 short sword (protect)
rCold   . . .      Faith    .   c - +0 kite shield
rNeg    . . .      Spirit   .   b - +0 animal skin
rPois   .          Reflect  .   (helmet restricted)
rElec   .          Harm     .   (no cloak)
rCorr   .          Rampage  .   (gloves unavailable)
Will    .....                   (boots unavailable)
Stlth   +.........              (no amulet)
HPRegen 0.96/turn               j - +6 ring of strength
MPRegen 0.09/turn               (no ring)

@: brilliant, on berserk cooldown, slowed, very slow
A: large, unfitting armour, claws 3, regeneration 1, shaggy fur 1, tough skin 1
a: Renounce Religion, Berserk, Trog's Hand


You were on level 3 of the Dungeon.
You worshipped Trog.
Trog was most pleased with you.
You visited 1 branch of the dungeon, and saw 3 of its levels.

You collected 119 gold pieces.

Inventory:

Hand Weapons
 a - a +0 hand axe
 e - a +2 short sword of protection (weapon)
Armour
 b - a +0 animal skin (worn)
 c - a +0 kite shield (worn)
 h - an orb of guile
Jewellery
 j - a +6 ring of strength (left claw)
Scrolls
 k - a scroll of enchant armour {unknown}
 l - 4 scrolls of identify {unknown}
 q - a scroll of torment {unknown}
 r - a scroll of teleportation {unknown}
Potions
 d - 2 potions of haste
 f - a potion of degeneration
 i - a potion of berserk rage


   Skills:
 + Level 2.7 Fighting
 + Level 1.1 Short Blades
 + Level 3.0 Axes
 + Level 3.4 Dodging
 + Level 0.1 Stealth
 + Level 1.6 Shields


You had 4 spell levels left.
You didn't know any spells.
Your spell library was empty.

Dungeon Overview and Level Annotations

Branches:
Dungeon (3/15)

Altars:
Hepliaklqana


Innate Abilities, Weirdness & Mutations

You are too large for most types of armour.
You have claws for hands.
Your natural rate of healing is unusually fast.
You are covered in fur. (AC +1)
You have tough skin. (AC +1)


Message History

You hit the orc.
The orc is lightly wounded.
The orc hits you but does no damage. The orc hits you with a +0 hand axe.
Okay, then.
It was a potion of brilliance.
You feel clever all of a sudden. You block the orc's attack.
The orc priest looks braver for a moment.
It was a potion of berserk rage.
You're still recovering from your berserk rage.
You block the orc's attack. The orc barely misses you.
It was a potion of degeneration.
There was something very wrong with that liquid.
You feel weakened.
You feel dopey.
You feel clumsy. The orc hits you with a +0 hand axe.
Okay, then.
As you read the scroll labelled MOGIARHIUNN, it crumbles to dust.
It is a scroll of brand weapon.
Your +2 short sword of electrocution projects an invisible shield of force!
e - a +2 short sword of protection (weapon)
The orc hits you but does no damage. You block the orc's attack.
As you read the scroll labelled UCIDOTTEMIY, it crumbles to dust.
You hear a loud clanging noise!
It was a scroll of noise.
You hear a shout!
You block the orc's attack.
The air fills with toxic fumes!
As you read the scroll labelled AHUCVOLYIG, it crumbles to dust.
It was a scroll of poison.
You block the orc's attack.
The orc priest mumbles some strange prayers to Beogh against you.
Beogh smites you!
* * * LOW HITPOINT WARNING * * *
The orc hits you with a +0 hand axe.
* * * LOW HITPOINT WARNING * * *
As you read the scroll labelled PALOSO GOGA, it crumbles to dust.
The creatures around you are filled with an inner flame!
It was a scroll of immolation.
The orc completely misses you.
The orc priest invokes the aid of Beogh against you.
Beogh smites you!
You die...

... §# # ##§# # .§§#
#### #§§# #... #§§#
#.## #§§# #.#
§§§#####§§# #.#
#§§§oo@§§# #.#
#§#####§###### #.##
#§##.(.## #...
#.#####§#.....# ###.
#......§§.....#### #.
.......§#..>.....# #.
#.###.####.......######
#) ##............ ##
#......######


You could see an orc priest (inner flame) and an orc (inner flame).

Vanquished Creatures
  An orc wizard (D:3)
  3 adders (D:2)
  A worm (D:2)
  A dart slug (D:1)
  3 orcs (D:3)
  11 ball pythons
  8 endoplasms
  5 giant cockroaches
  8 goblins
  5 hobgoblins
  4 jackals (D:2)
  8 kobolds
  3 quokkas
  7 bats
  4 frilled lizards
  3 rats
75 creatures vanquished.

Notes
Turn   | Place    | Note
-------+----------+-------------------------------------------
     0 | D:1      | cbfl8 the Troll Berserker began the quest for the Orb.
     0 | D:1      | Reached XP level 1. HP: 22/22 MP: 0/0
   142 | D:1      | Reached XP level 2. HP: 29/29 MP: 1/1
   580 | D:1      | Reached XP level 3. HP: 36/36 MP: 2/2
   583 | D:1      | Reached ** piety under Trog
   595 | D:1      | You fall into a shaft and drop 1 floor!
   922 | D:2      | Found a hazy altar of Hepliaklqana.
  1304 | D:1      | Reached XP level 4. HP: 40/44 MP: 3/3
  1327 | D:2      | Found a faded altar of an unknown god.
  1423 | D:2      | Reached skill level 1 in Shields
  1638 | D:2      | Reached skill level 1 in Short Blades
  2034 | D:3      | Reached *** piety under Trog
  2104 | D:3      | Reached XP level 5. HP: 50/50 MP: 4/4
  2121 | D:3      | Killed from afar by an orc priest

Illustrated notes

Levels and vault maps discovered:
D:1:      psy_arrival_fountain, layout_basic, minmay_misc_feat_square
D:2:      layout_loops_ring, hellmonk_ecumenical_altar_dog_temple, basic_altar,
          kennysheep_small_spiral
D:3:      layout_loops_ring, lemuel_crystal_altar, kennysheep_pointless_box

Skill      XL: |  1  2  3  4 |
---------------+-------------+-----
Dodging        | 3 |  3.4
Axes           | 3 |  3.0
Shields        | 1 |  1.6
Short Blades   | 1 |  1.1
Fighting       | |  2.7
Stealth        | |  0.1

Action                   |  1- 3 |  4- 6 || total
-------------------------+-------+-------++-------
Melee: Hand axe          |    17 |       ||    17
       Short sword       |   126 |    89 ||   215
Invok: Berserk           |     1 |     2 ||     3
  Use: Scroll            |       |     4 ||     4
       Potion            |       |     3 ||     3
Armor: Animal skin       |    81 |    38 ||   119
Dodge: Dodged            |    59 |    50 ||   109
Block: Kite shield       |    69 |    55 ||   124

Table legend: (Time is in decaauts)
 A = Elapsed time spent in this place.
 B = Non-inter-level travel time spent in this place.
 C = Inter-level travel time spent in this place.
 D = Time resting spent in this place.
 E = Time spent auto-exploring this place.
 F = Levels seen in this place.
 G = Mean time per level.
                   A        B        C        D        E       F      G
               +--------+--------+--------+--------+--------+-----+--------+
         Total |   2193 |   2193 |      0 |     64 |    699 |   3 |  731.0 |
       Dungeon |   2193 |   2193 |      0 |     64 |    699 |   3 |  731.0 |
               +--------+--------+--------+--------+--------+-----+--------+

Top non-repeatable levels by time:
     D:1: 1020 daAuts
     D:2: 1013 daAuts
     D:3: 159 daAuts
